 Dungeon Crawl Stone Soup version 0.31.0-9-g3a7656b989 (webtiles) character file.

Game seed: 2004638731981622136

20000 Axelsxxd the Grappler (level 12, -3/87 HPs)
             Began as an Octopode Shapeshifter on Jan 30, 2024.
             Was a Priest of Wu Jian.
             Slain by a six-headed hydra (10 damage)
             ... on level 2 of the Lair of Beasts.
             The game lasted 00:39:58 (15702 turns).

Axelsxxd the Grappler (Octopode Shapeshifter)      Turns: 15702, Time: 00:39:59

Health: -3/87      AC:  1    Str: 18    XL:     12   Next: 74%
Magic:  0/12       EV: 18    Int: 30    God:    Wu Jian [***...]
Gold:   1071       SH:  0    Dex: 18    Spells: 6/11 levels left

rFire   . .          .
                       - Unarmed
rCold   . . .        (no shield)
rNeg    . . .        (helmet currently unavailable)
rPois   .            u - amulet of guardian spirit
rElec   .            i - +6 ring of intelligence
rCorr   +            o - +6 ring of dexterity
SInv    .            p - ring of resist corrosion
Will    .....        j - +6 ring of intelligence
Stlth   +++          C - +6 ring of intelligence
HPRegen 0.34/turn    (no ring)
MPRegen 0.13/turn    (no ring)
                     (no ring)

%: guardian spirit
@: lethally poisoned (-3 -> -27), beast-form
A: beast (slay +4), almost no armour, amphibious, 8 rings, camouflage 1,
gelatinous body 1, (nimble swimmer 1), tentacles
a: Begin Untransformation, Renounce Religion, Wall Jump, Serpent's Lash


You were on level 2 of the Lair of Beasts.
You worshipped Wu Jian.
Wu Jian was most pleased with you.
You were a hulking beast.
You visited 2 branches of the dungeon, and saw 13 of its levels.

You collected 2320 gold pieces.
You spent 1249 gold pieces at shops.

Inventory:

Missiles
 x - 12 poisoned darts
 I - a throwing net (quivered)
Armour
 y - a +0 kite shield
Jewellery
 i - a +6 ring of intelligence (left tentacle)
 j - a +6 ring of intelligence (on tentacle)
 o - a +6 ring of dexterity (right tentacle)
 p - a ring of resist corrosion (on tentacle)
 u - an amulet of guardian spirit (around mantle)
 C - a +6 ring of intelligence (on tentacle)
 H - a ring of fire
Talismans
 b - a beast talisman (active)
 c - a flux talisman
Wands
 k - a wand of roots (10)
 E - a wand of flame (6)
 G - a wand of digging (5)
Scrolls
 a - 3 scrolls of noise
 f - a scroll of fog
 g - a scroll of blinking
 l - 5 scrolls of teleportation
 m - 2 scrolls of immolation
 r - 3 scrolls of revelation
 s - a scroll of vulnerability
 t - a scroll of torment
 w - a scroll of poison {unknown}
 z - a scroll of enchant weapon
 F - a scroll of amnesia {unknown}
Potions
 d - a potion of cancellation
 e - 3 potions of curing
 h - 2 potions of attraction
 n - 3 potions of resistance
 v - a potion of heal wounds
 A - a potion of invisibility
 B - a potion of lignification
 D - a potion of berserk rage


   Skills:
 - Level 10.0 Fighting
 - Level 8.0 Dodging
 - Level 13.0 Unarmed Combat
 - Level 5.0 Evocations
 + Level 9.8 Shapeshifting


You had 6 spell levels left.
You knew the following spells:

 Your Spells              Type           Power      Damage    Failure   Level
a - Irradiate             Conj/Alch      0%         3d11      95%         5

Your spell library contained the following spells:

 Spells                   Type           Power      Damage    Failure   Level
 Foxfire                  Conj/Fire      0%         2x1d4     10%         1
 Slow                     Hex            0%         N/A       10%         1
 Confusing Touch          Hex            0%         N/A       28%         3
 Sigil of Binding         Hex            0%         N/A       28%         3
 Tukima's Dance           Hex            0%         N/A       28%         3
 Vampiric Draining        Necr           0%         2d6       28%         3
 Dimensional Bullseye     Hex/Tloc       0%         N/A       67%         4
 Iskenderun's Mystic Bla  Conj/Tloc      0%         2d3       67%         4
 Arcjolt                  Conj/Air       0%         1d10      95%         5


Dungeon Overview and Level Annotations

Branches:
Dungeon (11/15)            Temple (0/1) D:7            Lair (2/5) D:10
  Swamp: Lair:2-3    Shoals: Lair:2-3     Snake: Lair:2-3    Spider: Lair:2-3
    Orc: D:9-12

Altars:
Fedhas
Kikubaaqudgha
Nemelex Xobeh
Wu Jian
Yredelemnul

Shops:
D:1 :   D:5 ?

Annotations:
D:8 2 runed translucent doors, Merkmiralles's ghost, novice MiBe
D:10 2 transporters


Innate Abilities, Weirdness & Mutations

You are a hulking beast.
Your limbs bulge with bestial killing power. (Slay +4)
You cannot wear most types of armour.
You are amphibious.
You can wear up to eight rings at the same time.
Your skin changes colour to match your surroundings (Stealth+).
Your rubbery body absorbs attacks. (AC +1, EV +1)
((You are camouflaged when in or above water. (Stealth+)))
You have tentacles for arms and can constrict up to eight enemies at once.


Message History

The black mamba is moderately wounded.
You constrict the black mamba. The black mamba bites you!
You tentacle-slap the black mamba.
The black mamba is heavily wounded.
You constrict the black mamba. The black mamba bites you!
The black mamba bites you!!
Unknown command.
Unknown command.
Aiming: Fastroot
Press: ? - help, Shift-Dir - straight line The roots erupt in riotous growth!
Roots grab the six-headed hydra.
You constrict the black mamba.
The grasping roots constrict the six-headed hydra!
The black mamba bites you!
The roots lose their grip on the six-headed hydra.
You lose your grip on the black mamba.
Unknown command.
Unknown command.
Okay, then.
Aiming: Paralyse
Press: ? - help, Shift-Dir - straight line, f - six-headed hydra
Aim: a six-headed hydra (lightly wounded, chance to affect: 27%)
The six-headed hydra easily resists.
A seven-headed hydra comes into view.
Unknown command.
Unknown command.
Aiming: Paralyse
Press: ? - help, Shift-Dir - straight line, f/p - six-headed hydra
Aim: a six-headed hydra (lightly wounded, chance to affect: 27%)
The six-headed hydra easily resists.
The seven-headed hydra roars!
The now-empty wand crumbles to dust.
The black mamba bites you!!
* * * LOW HITPOINT WARNING * * *
You are lethally poisoned!
The black mamba poisons you! The six-headed hydra misses you.
The six-headed hydra bites you!
* * * LOW HITPOINT WARNING * * *
The six-headed hydra bites you!
You die...

#..#...####....#.
##....#.#.......##.
#..................
##.................
#....?$...........
#.................
#.................
#..................
##.........h....P#
#.........SD...##
#.#.#.#...#.....#
#..#######.#...#.#
.# ##...... ......
...## D.##


You could see a seven-headed hydra, a six-headed hydra and a black mamba.

Vanquished Creatures
  A boulder beetle (Lair:2)
  A death yak (D:10)
  5 two-headed ogres
  Pikel (D:5)
  A cyclops (D:9)
  5 elephants (Lair:1)
  Joseph (Lair:1)
  A black mamba (Lair:1)
  A torpor snail (Lair:1)
  3 cane toads (Lair:1)
  Maggie (D:9)
  3 unseen horrors (D:10)
  A komodo dragon (Lair:1)
  Psyche (D:9)
  A vampire (D:10)
  16 yaks
  2 basilisks
  4 wyverns
  2 steam dragons (D:9)
  Grum (D:8)
  Menkaure (D:4)
  12 water moccasins
  Duvessa (D:6)
  5 ice beasts
  2 black bears
  4 wolves
  3 centaurs
  3 lemures (D:5)
  A phantom (D:5)
  Blork the orc (D:4)
  3 kobold brigands
  3 gnoll sergeants
  7 bullfrogs
  5 scorpions
  6 wights
  Dowan (D:6)
  15 killer bees
  9 howler monkeys
  3 bombardier beetles (D:4)
  5 orc priests
  2 hounds
  4 orc wizards
  3 sleepcaps
  Terence (D:2)
  12 iguanas
  Natasha (thrice) (D:2)
  12 gnolls
  7 adders
  2 shadow imps (D:7)
  A white imp (D:6)
  2 ufetubi (D:7)
  6 dart slugs
  23 orcs
  5 endoplasms
  3 giant cockroaches
  7 goblins
  5 hobgoblins
  24 kobolds
  6 quokkas
  4 ball pythons
  7 bats
  2 frilled lizards
  3 rats
286 creatures vanquished.

Notes
Turn   | Place    | Note
-------+----------+-------------------------------------------
     0 | D:1      | Axelsxxd the Octopode Shapeshifter began the quest for the
                  | Orb.
     0 | D:1      | Reached XP level 1. HP: 13/13 MP: 1/1
   190 | D:1      | Reached XP level 2. HP: 20/20 MP: 2/2
   459 | D:1      | Found Fadonaz's Book Shop.
   592 | D:1      | Reached XP level 3. HP: 25/25 MP: 3/3
  1055 | D:2      | Reached XP level 4. HP: 17/33 MP: 4/4
  1255 | D:2      | Noticed Natasha
  1256 | D:2      | Noticed Terence
  1283 | D:2      | Killed Natasha
  1286 | D:2      | Killed Terence
  1287 | D:2      | Reached XP level 5. HP: 26/37 MP: 5/5
  1347 | D:2      | Noticed Natasha
  1354 | D:2      | Killed Natasha
  1432 | D:2      | Noticed Natasha
  1440 | D:2      | Killed Natasha
  1928 | D:3      | Reached XP level 6. HP: 43/43 MP: 6/6
  2060 | D:3      | Found a blossoming altar of Fedhas.
  2122 | D:3      | You fall into a shaft and drop 1 floor!
  2434 | D:4      | Noticed Menkaure
  2723 | D:4      | Reached skill level 4 in Unarmed Combat
  2769 | D:4      | Noticed Blork the orc
  2781 | D:4      | Killed Blork the orc
  2782 | D:4      | Reached XP level 7. HP: 24/48 MP: 7/7
  3376 | D:4      | Reached skill level 5 in Shapeshifting
  3445 | D:4      | Killed Menkaure
  3446 | D:4      | Reached skill level 5 in Unarmed Combat
  3493 | D:5      | Entered Level 5 of the Dungeon
  3767 | D:5      | Reached XP level 8. HP: 41/54 MP: 8/8
  3826 | D:5      | Found Cenwarut's Magic Scroll Emporium.
  3845 | D:5      | Bought a scroll of teleportation for 33 gold pieces
  3845 | D:5      | Bought a scroll of vulnerability for 44 gold pieces
  3845 | D:5      | Bought a scroll of torment for 104 gold pieces
  3845 | D:5      | Bought a scroll of identify for 22 gold pieces
  4133 | D:5      | Noticed Pikel
  4460 | D:5      | Killed Pikel
  4656 | D:5      | Identified a scroll of acquirement
  4657 | D:5      | Acquired 822 gold pieces
  4794 | D:5      | Bought a scroll of blinking for 82 gold pieces
  4794 | D:5      | Bought a scroll of acquirement for 572 gold pieces
  4794 | D:5      | Acquired 936 gold pieces
  4882 | D:6      | Reached skill level 1 in Evocations
  4882 | D:6      | Reached XP level 9. HP: 43/59 MP: 5/9
  5297 | D:5      | Found an ornate altar of the Wu Jian Council.
  5372 | D:6      | Noticed Duvessa
  5372 | D:6      | Noticed Dowan
  5378 | D:6      | Killed Duvessa
  5379 | D:6      | Reached skill level 5 in Fighting
  5379 | D:6      | Reached skill level 6 in Unarmed Combat
  5386 | D:6      | Killed Dowan
  5641 | D:6      | Found a sparkling altar of Nemelex Xobeh.
  5804 | D:5      | Became a worshipper of the Wu Jian Council
  6414 | D:7      | Reached skill level 7 in Unarmed Combat
  6633 | D:7      | Reached skill level 8 in Unarmed Combat
  6863 | D:7      | Found a staircase to the Ecumenical Temple.
  6886 | D:7      | Reached * piety under Wu Jian
  7029 | D:7      | Noticed a two-headed ogre
  7044 | D:7      | Killed a two-headed ogre
  7045 | D:7      | Reached skill level 9 in Unarmed Combat
  7045 | D:7      | Reached XP level 10. HP: 33/69 MP: 5/10
  7901 | D:1      | Bought Vehumet's Treatise on Attacks for 392 gold pieces
  7907 | D:1      | Learned a level 5 spell: Irradiate
  8582 | D:8      | Found a large runed translucent door.
  8582 | D:8      | Found a large runed translucent door.
  8583 | D:8      | Noticed Merkmiralles's ghost (novice MiBe)
  9742 | D:9      | Noticed a cyclops
  9795 | D:9      | Noticed a two-headed ogre
  9830 | D:8      | Killed a two-headed ogre
 10115 | D:9      | Noticed Maggie
 10142 | D:9      | Killed Maggie
 10143 | D:9      | Reached skill level 10 in Unarmed Combat
 10263 | D:9      | Killed a cyclops
 10525 | D:9      | Reached XP level 11. HP: 77/77 MP: 11/11
 10714 | D:9      | Noticed Psyche
 10741 | D:9      | Noticed a two-headed ogre
 10751 | D:9      | Killed a two-headed ogre
 10787 | D:9      | Noticed a two-headed ogre
 10795 | D:9      | Killed a two-headed ogre
 11017 | D:9      | Reached ** piety under Wu Jian
 11143 | D:9      | Reached skill level 11 in Unarmed Combat
 11263 | D:9      | Noticed Grum
 11272 | D:8      | Killed Grum
 11838 | D:9      | Killed Psyche
 11845 | D:10     | Entered Level 10 of the Dungeon
 11855 | D:10     | Noticed a skeletal warrior
 11857 | D:10     | Found a transporter.
 11876 | D:10     | Found a transporter.
 11876 | D:10     | Found an ancient bone altar of Kikubaaqudgha.
 11880 | D:10     | Noticed a flayed ghost
 11886 | D:10     | Found a basalt altar of Yredelemnul.
 12774 | D:10     | Noticed a two-headed ogre
 13033 | D:10     | Killed a two-headed ogre
 13185 | D:10     | Found a staircase to the Lair.
 13365 | D:11     | Noticed a cyclops
 13413 | Lair:1   | Entered Level 1 of the Lair of Beasts
 13517 | Lair:1   | Noticed a death yak
 13554 | D:10     | Killed a death yak
 13555 | D:10     | Reached skill level 12 in Unarmed Combat
 13555 | D:10     | Reached XP level 12. HP: 46/85 MP: 6/12
 13778 | Lair:1   | Noticed Joseph
 13803 | Lair:1   | Killed Joseph
 14731 | Lair:1   | Reached *** piety under Wu Jian
 14770 | Lair:1   | Reached skill level 13 in Unarmed Combat
 15455 | Lair:2   | Noticed a boulder beetle
 15460 | Lair:2   | Reached skill level 10 in Fighting
 15476 | Lair:2   | Killed a boulder beetle
 15477 | Lair:2   | Reached skill level 5 in Evocations
 15695 | Lair:2   | Noticed a six-headed hydra
 15701 | Lair:2   | Noticed a seven-headed hydra
 15702 | Lair:2   | Slain by a six-headed hydra

Illustrated notes

Levels and vault maps discovered:
D:1:      eino_arrival_cavern_b, layout_loops_cross, serial_shops,
          nicolae_shop_behind_doors
D:2:      layout_rooms, serial_rivers, chequers_serial_rivers_room_b,
          chequers_serial_rivers_small_3, chequers_serial_rivers_marsh,
          chequers_serial_rivers_micro_c, grunt_ministairs_14,
          hangedman_abyss_or_decor_lesser_grid, uniq_natasha, uniq_terence
D:3:      layout_rooms, fedhas_altar_2
D:4:      minmay_angry_zag, layout_rooms, minmay_close_crescents,
          uniq_blork_the_orc, uniq_menkaure
D:5:      layout_layer_cave, nicolae_wu_jian_immortal_techniques, serial_shops,
          nicolae_shop_trees, uniq_pikel
D:6:      layout_loops_ring, mainiacjoe_overflow_alcove_4, uniq_duvessa
D:7:      layout_basic, minmay_temple_entry_slanted, kennysheep_potato
D:8:      layout_cave_pools, ebering_ghost_disaster_area
D:9:      layout_grid_maze, st_stairs_10, uniq_maggie, uniq_psyche, uniq_grum
D:10:     layout_basic, gammafunk_temple_of_torment, minmay_lair_entry_grove
D:11:     layout_irregular_city, zombieorc1_lemuel, kennysheep_generic_room_4
Lair:1:   layout_roguey, beast_lair_carwin_6, uniq_joseph
Lair:2:   layout_regular_city, elwin_shoals_entry_stream,
          hellmonk_spider_entry_life_and_decay, st_stairs_4, lemuel_fruit_fields

Skill      XL: |  1  2  3  4  5  6  7  8  9 10 11 12 |
---------------+-------------------------------------+-----
Fighting       | 2 3 4 6 7 9 10 | 10.0
Shapeshifting  | 4 6 7 8 9 |  9.8
Unarmed Combat | 4 5 9 10 12 13 | 13.0
Dodging        | 3 4 6 7 8 |  8.0
Evocations     | 1 3 5 |  5.0

Action                     |  1- 3 |  4- 6 |  7- 9 | 10-12 || total
---------------------------+-------+-------+-------+-------++-------
  Melee: Unarmed           |    41 |   109 |   196 |   408 ||   754
         Constrict         |    10 |    30 |    64 |    63 ||   167
         Tentacles         |     8 |    23 |    58 |   118 ||   207
         Punch             |       |     5 |    20 |    39 ||    64
  Throw: Dart              |       |       |       |    11 ||    11
         Throwing net      |       |       |       |     1 ||     1
Ability: Lunge             |       |       |    10 |    28 ||    38
         Whirlwind         |       |       |       |    19 ||    19
  Evoke: Wand              |       |       |     9 |    20 ||    29
    Use: Potion            |     1 |       |       |     5 ||     6
         Scroll            |       |     6 |     7 |     6 ||    19
   Stab: Sleeping          |     7 |     8 |    10 |     3 ||    28
         Held in net/web   |       |       |       |     1 ||     1
 Armour: Skin              |    15 |    42 |    83 |   195 ||   335
  Dodge: Dodged            |    12 |    58 |   103 |   280 ||   453
   Form: Beast             |     2 |       |       |       ||     2
                           |     1 |       |       |       ||     1
